 Dungeon Crawl Stone Soup version 0.26-b1-32-g5d43845318 (webtiles) character file.

Game seed: 13437241895277736505

200953 Borgoz the Bludgeoner (level 18, -3/117 HPs)
             Began as a Gargoyle Berserker on Jan 11, 2021.
             Was the Champion of Trog.
             Blown up by an orb spider (23 damage)
             ... with an orb of destruction
             ... on level 1 of the Spider Nest.
             The game lasted 00:53:21 (29802 turns).

Borgoz the Bludgeoner (Gargoyle Berserker)         Turns: 29802, Time: 00:53:22

Health: -3/117     AC: 35    Str: 30    XL:     18   Next: 53%
Magic:  0/18       EV: 28    Int:  9    God:    Trog [******]
Gold:   2068       SH:  0    Dex: 21    Spells: 17/17 levels left

rFire    + . .     SeeInvis .   a - +3 great mace (vorpal)
rCold    . . .     Faith    .   (shield currently unavailable)
rNeg     + . .     Spirit   +   q - +1 scale mail "Oxkuvej" {rF+ Will+ Str+2}
rPois    ∞         Reflect  .   n - +1 helmet
rElec    +         Harm     .   Q - +1 cloak of Starlight {*Dazzle EV+4 Stlth--}
rCorr    .         Rampage  .   s - +1 pair of gloves
Will     ++...                  B - +1 pair of boots
Stlth    ..........             G - amulet of guardian spirit
HPRegen  0.29/turn              p - +6 ring of dexterity
MPRegen  0.16/turn              e - +6 ring of strength

@: confused, flying, studying Maces & Flails
A: big wings, negative energy resistance 1, electricity resistance, unbreathing,
petrification resistance, miasma immunity, AC +13
}: 1/15 runes: barnacled
a: Stop Flying, Renounce Religion, Berserk, Trog's Hand, Brothers in Arms


You were on level 1 of the Spider Nest.
You worshipped Trog.
Trog was exalted by your worship.
You visited 6 branches of the dungeon, and saw 29 of its levels.
You also visited: Sewer, Gauntlet and Ice Cave.

You collected 2794 gold pieces.
You spent 726 gold pieces at shops.

Inventory:

Hand Weapons
 a - a +3 vorpal great mace (weapon)
Missiles
 C - 9 throwing nets (quivered)
Armour
 i - a +1 cloak of cold resistance
 n - a +1 helmet (worn)
 q - the +1 scale mail "Oxkuvej" (worn) {rF+ Will+ Str+2}
   (You bought it in a shop on level 2 of the Orcish Mines)

   It affects your strength (+2).
   It protects you from fire.
   It affects your willpower, your defense against some magical effects.
 s - a +1 pair of gloves (worn)
 B - a +1 pair of boots (worn)
 Q - the +1 cloak of Starlight (worn) {*Dazzle EV+4 Stlth--}
   (You found it in a Gauntlet)

   It affects your evasion (+4).
   It makes you much less stealthy.
Jewellery
 e - a +6 ring of strength (right hand)
 p - a +6 ring of dexterity (left hand)
 r - an uncursed ring of see invisible
 u - an uncursed ring of protection from fire
 A - an uncursed ring of positive energy
 G - an amulet of guardian spirit (around neck)
Wands
 b - a wand of paralysis (34)
 w - a wand of flame (93)
 y - a wand of digging (16)
 z - a wand of disintegration (54)
 D - a wand of iceblast (44)
 K - a wand of acid (33)
Scrolls
 d - 11 scrolls of teleportation
 j - 6 scrolls of blinking
 k - 5 scrolls of identify
 m - 9 scrolls of remove curse
 o - 3 scrolls of fear
 v - 5 scrolls of magic mapping
 E - a scroll of brand weapon
 I - a scroll of enchant armour
Potions
 c - 2 potions of ambrosia
 f - 7 potions of might
 g - 2 potions of invisibility
 h - 13 potions of curing
 l - 7 potions of heal wounds
 t - 3 potions of resistance
 x - 2 potions of berserk rage
 H - 2 potions of cancellation
 N - 6 potions of mutation
 O - 5 potions of haste
Books
 F - a manual of Maces & Flails


   Skills:
 * Level 14.5 Fighting
 + Level 17.8 Maces & Flails
 * Level 14.3 Armour
 * Level 15.3 Dodging
 + Level 2.6 Stealth
 + Level 1.7 Evocations


You had 17 spell levels left.
You didn't know any spells.
Your spell library was empty.

Dungeon Overview and Level Annotations

Branches:
Dungeon (15/15)            Temple (1/1) D:7            Lair (6/6) D:9
 Shoals (4/4) Lair:4       Spider (1/4) Lair:2        Slime (0/5) Lair:6
    Orc (2/2) D:11            Elf (0/3) Orc:2        Vaults (0/5) D:14
 Depths (0/5) D:15          Sewer (visited)           IceCv (visited)
Gauntlet (visited)

Altars:
Ashenzari
Cheibriados
Dithmenos
Elyvilon
Fedhas
Gozag
Hepliaklqana
Kikubaaqudgha
Makhleb
Nemelex Xobeh
Okawaru
Qazlal
Ru
Sif Muna
Trog
Uskayaw
Vehumet
Wu Jian
Xom
Yredelemnul
Zin
The Shining One
Beogh
Jiyva

Shops:
D:10 (   D:12 !   Orc:2 [=[(   Shoals:3 *


Innate Abilities, Weirdness & Mutations

You are resistant to torment.
Your stone body is resilient. (AC +13)
You are immune to poison.
Your large and strong wings let you fly indefinitely.
You resist negative energy. (rN+)
You are resistant to electric shocks. (rElec)
You can survive without breathing.
You are immune to petrification.
You are immune to miasma.


Message History

The orb of destruction hits you!!
* * * LOW HITPOINT WARNING * * *
You feel much better.
The orb spider spins a strand of pure energy.
The orb of destruction hits you!
* * * LOW HITPOINT WARNING * * *
The jumping spider closely misses you. The jumping spider misses you.
You are confused.
You feel invigorated.
The jumping spider completely misses you.
The jumping spider misses you.
The orb spider weaves a glowing orb of energy.
An orb of destruction comes into view.
You closely miss the jumping spider.
The jumping spider pounces on you but does no damage.
The jumping spider misses you.
You closely miss the jumping spider. The jumping spider pounces on you!
* * * LOW HITPOINT WARNING * * *
The jumping spider closely misses you. The orb of destruction hits you!!
You die...

...........#
##.....#####
........†.####
#######
........)†##.###^#
#.......#†#...^#$#
##......#.......###
#...##..s..s.....##
####
##....s......##
#....☼.......#
#.##@○......... #.#
#.s......... ...
##.......... ...
##.......(. ..
###....... ##.....
#^... .### .


You could see 3 orb spiders and a jumping spider.

Vanquished Creatures
  Gastronok (Lair:3)
  A frost giant (Shoals:4)
  Aizul (Spider:1)
  An orc warlord (Orc:1)
  An emperor scorpion (D:15)
  Nessos (Orc:2)
  A minotaur (Gauntlet)
  A dire elephant (D:15)
  Snorg (Orc:1)
  4 ogre magi (Orc:2)
  2 merfolk javelineers (Shoals:4)
  7 merfolk impalers
  Erolcha (D:9)
  A great orb of eyes (D:12)
  The ghost of Borgoz the Basher, a journeyman GrGl (D:12)
  9 hydras
  2 boulder beetles
  4 vault guards (D:14)
  A catoblepas (Lair:4)
  3 merfolk avatars
  6 centaur warriors
  A satyr (Shoals:4)
  16 two-headed ogres
  2 alligator snapping turtles (Shoals:4)
  2 tengu warriors
  A death yak (Lair:6)
  The ghost of emiel the Carver, a novice NaFi of Okawaru (D:7)
  A soul eater (Gauntlet)
  3 skeletal warriors (D:13)
  An unseen horror (D:13)
  17 sea snakes
  2 glowing orange brains (Gauntlet)
  2 lindwurms
  A necromancer (IceCv)
  16 ugly things
  10 harpies
  An orc sorcerer (Orc:2)
  4 wolf spiders (Spider:1)
  A deep elf mage (D:12)
  7 manticores
  3 fauns (Shoals:1)
  4 cyclopes
  4 oklob plants
  10 merfolk sirens
  An ice statue (IceCv)
  2 torpor snails (Lair:6)
  3 water nymphs
  6 black mambas
  9 cane toads
  A gargoyle (D:12)
  2 minotaur zombies (Gauntlet)
  The ghost of IHuginn the Sneak, a novice OpFi (D:5)
  A yaktaur (Shoals:2)
  10 freezing wraiths (IceCv)
  5 rime drakes
  4 kobold demonologists
  10 komodo dragons
  A demonic crawler (Spider:1)
  A harpy zombie (D:14)
  4 tengu conjurers
  4 jumping spiders (Spider:1)
  A polar bear (shapeshifter) (D:15)
  3 meliai
  8 trolls
  2 wolf spider simulacra
  6 polar bears
  3 hornets
  25 merfolk
  6 blink frogs (Lair:6)
  9 slime creatures (D:15)
  2 wind drakes
  13 dream sheep
  Sigmund (D:5)
  15 snapping turtles
  13 spriggans (Lair:6)
  5 wraiths
  5 water elementals
  8 redbacks (Spider:1)
  5 tarantellas (Spider:1)
  2 basilisks
  48 yaks
  4 shadows
  3 vampires
  6 small abominations (Gauntlet)
  A steam dragon (D:13)
  2 vampire mosquitoes (D:9)
  A harpy simulacrum (D:14)
  2 wargs (Orc:2)
  3 soldier ants
  Duvessa (D:5)
  19 water moccasins
  24 orc warriors
  3 sky beasts
  7 black bears
  17 ice beasts
  A phantom (D:7)
  3 necrophages
  An alligator simulacrum (IceCv)
  43 ogres
  8 boggarts
  17 centaurs
  56 wolves
  12 big kobolds
  24 bullfrogs
  6 gnoll sergeants (D:11)
  Dowan (D:5)
  4 scorpions
  4 killer bees (D:7)
  9 wights
  An electric eel (Lair:2)
  7 howler monkeys
  3 draconian simulacra (IceCv)
  A quasit (D:13)
  4 centaur zombies
  A bullfrog zombie (D:6)
  4 jellies
  10 orc priests
  5 hounds
  Crazy Yiuf (D:6)
  7 orc wizards
  5 bullfrog skeletons
  6 centaur skeletons
  Ijyb (D:5)
  7 iguanas
  9 worker ants
  3 troll simulacra (IceCv)
  3 spriggan simulacra (IceCv)
  11 hell rats
  A wolf simulacrum (IceCv)
  A polar bear simulacrum (IceCv)
  3 centaur simulacra (IceCv)
  A hound zombie (D:5)
  A hound skeleton (D:9)
  2 worker ant zombies
  7 gnolls
  11 river rats
  13 adders
  5 naga simulacra (IceCv)
  3 ogre simulacra (IceCv)
  3 shadow imps
  14 white imps
  An ufetubus (D:9)
  2 oozes
  3 adder skeletons
  2 adder zombies
  4 worms
  5 dart slugs
  5 leopard geckos
  62 orcs
  8 ball pythons
  2 giant cockroaches
  6 goblins
  5 hobgoblins
  14 jackals
  3 quokkas
  6 bats
  11 frilled lizards
  31 kobolds
  A quokka zombie (D:7)
  14 rats
1026 creatures vanquished.

Vanquished Creatures (others)
  2 redbacks (Spider:1)
  A wolf (Lair:6)
  A boggart (Lair:6)
  An orc wizard (Orc:2)
  2 orcs (Orc:2)
  21 fungi
  57 plants
85 creatures vanquished.

Grand Total: 1111 creatures vanquished

Notes
Turn   | Place    | Note
-------+----------+-------------------------------------------
     0 | D:1      | Borgoz the Gargoyle Berserker began the quest for the Orb.
     0 | D:1      | Reached XP level 1. HP: 14/14 MP: 1/1
   234 | D:1      | Reached XP level 2. HP: 18/19 MP: 2/2
   767 | D:2      | Reached XP level 3. HP: 21/23 MP: 3/3
  1102 | D:2      | Reached ** piety under Trog
  1455 | D:2      | Reached XP level 4. HP: 23/29 MP: 4/4
  1997 | D:3      | Reached skill level 4 in Maces & Flails
  2441 | D:3      | Reached XP level 5. HP: 19/33 MP: 5/5
  3302 | D:3      | Found a blossoming altar of Fedhas.
  3443 | D:4      | Noticed an ogre
  3452 | D:4      | Killed an ogre
  3453 | D:4      | Reached XP level 6. HP: 38/38 MP: 6/6
  3586 | D:4      | Reached *** piety under Trog
  3587 | D:4      | Reached skill level 5 in Maces & Flails
  3590 | D:4      | Reached XP level 7. HP: 31/44 MP: 7/7
  4097 | D:4      | Found a glowing drain.
  4126 | Sewer    | Entered a sewer
  4797 | D:5      | Entered Level 5 of the Dungeon
  4833 | D:5      | Noticed Sigmund
  5049 | D:5      | Killed Sigmund
  5050 | D:5      | Reached skill level 5 in Fighting
  5078 | D:5      | Noticed Ijyb
  5091 | D:5      | Killed Ijyb
  5200 | D:5      | Reached XP level 8. HP: 49/49 MP: 8/8
  5245 | D:5      | Noticed Dowan
  5263 | D:5      | Killed Dowan
  5264 | D:5      | Reached skill level 6 in Maces & Flails
  5291 | D:5      | Noticed Duvessa
  5317 | D:5      | Killed Duvessa
  5540 | D:5      | Found a sacrificial altar of Ru.
  5721 | D:5      | Found a runed translucent gate.
  5722 | D:5      | Found a runed translucent gate.
  5723 | D:5      | Found a runed translucent gate.
  5723 | D:5      | Noticed IHuginn's ghost (novice OpFi)
  5725 | D:5      | Found a roughly hewn altar of Beogh.
  5739 | D:5      | Killed IHuginn's ghost
  5740 | D:5      | Reached skill level 5 in Armour
  5740 | D:5      | Reached skill level 5 in Dodging
  5743 | D:5      | Reached **** piety under Trog
  6169 | D:6      | Reached skill level 7 in Maces & Flails
  6177 | D:6      | Reached XP level 9. HP: 46/55 MP: 9/9
  6234 | D:6      | Found an opulent altar of Gozag.
  6770 | D:6      | Found a burning altar of Makhleb.
  6771 | D:6      | Found a glowing golden altar of the Shining One.
  6872 | D:6      | Found a runed translucent door.
  6873 | D:6      | Noticed Crazy Yiuf
  7177 | D:6      | Killed Crazy Yiuf
  7396 | D:7      | Found an ornate altar of the Wu Jian Council.
  7396 | D:7      | Found an ancient bone altar of Kikubaaqudgha.
  7413 | D:7      | Reached skill level 8 in Maces & Flails
  7572 | D:7      | Found a staircase to the Ecumenical Temple.
  7573 | D:7      | Found a runed translucent gate.
  7574 | D:7      | Found a runed translucent gate.
  7574 | D:7      | Found a runed translucent gate.
  7574 | D:7      | Found an opulent altar of Gozag.
  7578 | Temple   | Entered the Ecumenical Temple
  7820 | D:7      | Noticed emiel's ghost (novice NaFi)
  7820 | D:7      | Noticed a two-headed ogre
  8372 | D:7      | Killed a two-headed ogre
  8373 | D:7      | Reached XP level 10. HP: 63/63 MP: 10/10
  8422 | D:7      | Killed emiel's ghost
  8423 | D:7      | Reached skill level 9 in Maces & Flails
  9414 | D:8      | Reached ***** piety under Trog
  9779 | D:9      | Noticed Erolcha
  9797 | D:9      | Killed Erolcha
  9798 | D:9      | Reached skill level 10 in Maces & Flails
  9798 | D:9      | Reached XP level 11. HP: 68/68 MP: 11/11
  9915 | D:9      | Received a gift from Trog
 10032 | D:9      | Found a staircase to the Lair.
 10159 | D:9      | Found a transporter.
 10225 | D:9      | Found a transporter.
 10226 | D:9      | Noticed a centaur warrior
 10408 | D:9      | Killed a centaur warrior
 10443 | D:10     | Entered Level 10 of the Dungeon
 10693 | D:10     | Found Ysedehou's Antique Weapon Shop.
 11137 | D:11     | Found a gate leading to a gauntlet.
 11166 | Gauntlet | Entered a Gauntlet
 11166 | Gauntlet | Found a transporter.
 11166 | Gauntlet | Found a transporter.
 11167 | Gauntlet | Noticed a soul eater
 11184 | Gauntlet | Found a transporter.
 11187 | Gauntlet | Found a transporter.
 11204 | Gauntlet | Found a transporter.
 11213 | Gauntlet | Found a transporter.
 11216 | Gauntlet | Found a transporter.
 11221 | Gauntlet | Noticed a glowing orange brain
 11221 | Gauntlet | Noticed a green ugly thing
 11224 | Gauntlet | Found a transporter.
 11226 | Gauntlet | Noticed a red ugly thing
 11233 | Gauntlet | Noticed a glowing orange brain
 11237 | Gauntlet | Noticed a glowing orange brain
 11237 | Gauntlet | Noticed a green ugly thing
 11238 | Gauntlet | Noticed a red ugly thing
 11240 | Gauntlet | Found a transporter.
 11240 | Gauntlet | Noticed a glowing orange brain
 11257 | Gauntlet | Found a transporter.
 11258 | Gauntlet | Found a transporter.
 11266 | Gauntlet | Found a transporter.
 11308 | Gauntlet | Killed a soul eater
 11313 | Gauntlet | Got a translucent cloak
 11330 | Gauntlet | Identified the +0 cloak of the Trilobite {rF++ Will+ Int+2
                  | Dex-5} (You found it in a Gauntlet)
 11390 | Gauntlet | Reached skill level 11 in Maces & Flails
 11400 | Gauntlet | Received a gift from Trog
 11470 | Gauntlet | Killed a green ugly thing
 11481 | Gauntlet | Killed a glowing orange brain
 11485 | Gauntlet | Killed a green ugly thing
 11488 | Gauntlet | Killed a glowing orange brain
 11489 | Gauntlet | Reached XP level 12. HP: 58/76 MP: 9/12
 11492 | Gauntlet | Got a twitching tin ring
 11501 | Gauntlet | Identified the ring "Witom" {MP+9 Dex+5} (You found it in a
                  | Gauntlet)
 11529 | Gauntlet | Noticed a minotaur
 11530 | Gauntlet | Found the +1 cloak of Starlight {*Dazzle EV+4 Stlth--}
 11543 | Gauntlet | Killed a minotaur
 11741 | D:11     | Found a staircase to the Orcish Mines.
 11950 | D:11     | Reached skill level 10 in Dodging
 12008 | D:11     | Noticed a five-headed hydra
 12018 | D:11     | Killed a five-headed hydra
 12056 | D:11     | Reached skill level 12 in Maces & Flails
 12072 | D:11     | Noticed a three-headed hydra
 12077 | D:11     | Killed a three-headed hydra
 12544 | D:12     | Noticed a great orb of eyes
 12548 | D:12     | Paralysed by a great orb of eyes for 7 turns
 12560 | D:12     | Killed a great orb of eyes
 12561 | D:12     | Reached skill level 10 in Fighting
 12566 | D:12     | Received a gift from Trog
 12625 | D:12     | Found Maukk's Distillery.
 12861 | D:12     | Found a transporter.
 12861 | D:12     | Noticed a two-headed ogre
 12861 | D:12     | Noticed a two-headed ogre
 12862 | D:12     | Noticed Borgoz's ghost (journeyman GrGl)
 12862 | D:12     | Noticed a two-headed ogre
 12862 | D:12     | Noticed a two-headed ogre
 12865 | D:12     | Noticed a two-headed ogre
 12868 | D:12     | Killed a two-headed ogre
 12869 | D:12     | Reached XP level 13. HP: 82/82 MP: 4/13
 12893 | D:12     | Found a transporter.
 12931 | D:12     | Reached skill level 10 in Armour
 12941 | D:12     | Killed Borgoz's ghost
 13028 | D:12     | Identified Sif Muna's Grimoire of the Compass and the
                  | Entourage
 13047 | D:12     | Reached skill level 13 in Maces & Flails
 13423 | D:13     | Found a broken altar of Ashenzari.
 14184 | D:14     | Found a gate to the Vaults.
 14184 | D:14     | Noticed a vault guard
 14184 | D:14     | Noticed a vault guard
 14184 | D:14     | Noticed a vault guard
 14184 | D:14     | Noticed a vault guard
 14203 | D:14     | Killed a vault guard
 14217 | D:14     | Killed a vault guard
 14230 | D:14     | Killed a vault guard
 14241 | D:14     | Gained mutation: Your large and strong wings let you fly
                  | indefinitely. [Gargoyle growth]
 14241 | D:14     | Reached XP level 14. HP: 90/90 MP: 4/14
 14381 | D:14     | Received a gift from Trog
 14428 | D:14     | Reached skill level 14 in Maces & Flails
 14503 | D:14     | Found a glowing silver altar of Zin.
 15381 | D:15     | Entered Level 15 of the Dungeon
 15715 | D:15     | Reached ****** piety under Trog
 16028 | D:15     | Found a staircase to the Depths.
 16028 | D:15     | Noticed a dire elephant
 16030 | D:15     | Noticed an emperor scorpion
 16053 | D:15     | Killed a dire elephant
 16091 | D:15     | Killed an emperor scorpion
 16580 | Lair:1   | Entered Level 1 of the Lair of Beasts
 16641 | Lair:1   | Received a gift from Trog
 17473 | Lair:2   | Reached XP level 15. HP: 96/96 MP: 15/15
 17501 | Lair:2   | Found a hole to the Spider Nest.
 18377 | Lair:3   | Noticed Gastronok
 18398 | Lair:3   | Killed Gastronok
 18399 | Lair:3   | Reached skill level 15 in Maces & Flails
 18711 | Lair:3   | Reached skill level 1 in Evocations
 18711 | Lair:3   | Reached XP level 16. HP: 103/103 MP: 16/16
 19854 | Lair:4   | Found a staircase to the Shoals.
 20165 | Lair:5   | Received a gift from Trog
 20609 | Lair:5   | You are sucked into a shaft and drop 1 floor!
 20609 | Lair:6   | Entered Level 6 of the Lair of Beasts
 21005 | Lair:6   | Received a gift from Trog
 21012 | Lair:6   | Got a pitted dire flail {god gift}
 21036 | Lair:6   | Identified the +4 dire flail "Satwy" {antimagic, rElec rF+}
                  | (Trog gifted it to you on level 6 of the Lair of Beasts)
 21258 | Lair:6   | Reached skill level 16 in Maces & Flails
 21442 | Lair:6   | Received a gift from Trog
 21613 | Lair:6   | Found a viscous altar of Jiyva.
 21685 | Lair:6   | Identified the Collected Works on the Vitriolic Frostbite
 21776 | Lair:6   | Found a staircase to the Slime Pits.
 22524 | Orc:1    | Entered Level 1 of the Orcish Mines
 22542 | Orc:1    | Reached XP level 17. HP: 77/108 MP: 12/17
 22577 | Orc:1    | Found a frozen archway.
 22601 | IceCv    | Entered an ice cave
 22864 | IceCv    | Found an ancient bone altar of Kikubaaqudgha.
 22880 | IceCv    | Received a gift from Trog
 23206 | Orc:1    | Found a bloodstained altar of Trog.
 23379 | Orc:1    | Found a roughly hewn altar of Beogh.
 23612 | Orc:2    | Entered Level 2 of the Orcish Mines
 23616 | Orc:2    | Noticed Nessos
 23616 | Orc:2    | Noticed Snorg
 23639 | Orc:1    | Killed Snorg
 23791 | Orc:2    | Killed Nessos
 23810 | Orc:1    | Received a gift from Trog
 24170 | Orc:2    | Found Vydienn's Antique Weapon Shop.
 24170 | Orc:2    | Found Dexehag's Jewellery Emporium.
 24170 | Orc:2    | Found Riusepy's Antique Armour Emporium.
 24170 | Orc:2    | Found Ojodwo's Armour Boutique.
 24292 | Orc:2    | Found a staircase to the Elven Halls.
 24461 | Orc:2    | Bought a pitted scale mail for 288 gold pieces
 24461 | Orc:2    | Bought a scorched scale mail for 288 gold pieces
 24461 | Orc:2    | Identified the +1 scale mail "Oxkuvej" {rF+ Will+ Str+2}
                  | (You bought it in a shop on level 2 of the Orcish Mines)
 24462 | Orc:2    | Identified the +0 scale mail of Divine Lucidity {rPois}
                  | (You bought it in a shop on level 2 of the Orcish Mines)
 24660 | Shoals:1 | Entered Level 1 of the Shoals
 25191 | Shoals:1 | Received a gift from Trog
 25984 | Shoals:2 | Reached skill level 17 in Maces & Flails
 26586 | Shoals:3 | Found Uwoacvis's General Store.
 26592 | Shoals:3 | Bought a potion of heal wounds for 60 gold pieces
 26592 | Shoals:3 | Bought a scroll of blinking for 90 gold pieces
 27403 | Shoals:4 | Entered Level 4 of the Shoals
 27538 | Shoals:4 | Reached XP level 18. HP: 83/116 MP: 11/18
 28161 | Shoals:4 | Reached skill level 15 in Dodging
 28979 | Shoals:4 | Got a barnacled rune of Zot
 29226 | Shoals:4 | Received a gift from Trog
 29522 | Spider:1 | Entered Level 1 of the Spider Nest
 29542 | Spider:1 | Noticed Aizul
 29556 | Spider:1 | Killed Aizul
 29802 | Spider:1 | Blown up by an orb spider

Illustrated notes

Levels and vault maps discovered:
D:1:      ncdulo_halloftheorcs, layout_basic
D:2:      layout_loops_cross, grunt_decor_junction
D:3:      layout_loops_cross, fedhas_altar_fruit_tree
D:4:      layout_basic, portal_sewer_entry_b, chequers_big_river
D:5:      layout_rooms, biasface_ghost_orc_armoury,
          nicolae_ru_the_path_less_chosen, uniq_duvessa, uniq_ijyb, uniq_sigmund
D:6:      layout_loops_corners, grunt_temple_overflow_open,
          minmay_misc_feat_doors, grunt_gozag_breadcrumbs,
          uniq_crazy_yiuf_cottage
D:7:      layout_loops_ring, gammafunk_temple_overflow_pools, temple_statues,
          ebering_ghost_gozag
D:8:      layout_basic
D:9:      gammafunk_the_bubble [the_bubble_gammafunk_crates], layout_small_grid,
          grunt_lair_entry_orc_guard_hut, uniq_erolcha
D:10:     layout_cave_pods, serial_shops, shop
D:11:     layout_basic, kennysheep_orc_monster_closet_entryway,
          gauntlet_entry_generic, hangedman_ranch [blue_anna_fruit_fields]
D:12:     layout_roguey, serial_shops, shop, gammafunk_ghost_smash
D:13:     layout_loops_ring, nicolae_ashenzari_panopticon
D:14:     layout_long_grid, lightli_vaults_fourway_checkpoint,
          old_standard_altar, hangedman_decor_growths
D:15:     hangedman_depths_entry_try_elsewhere_first, layout_irregular_city,
          serial_park_tiny_pond
Temple:   dpeg_five_rooms_temple
Lair:1:   layout_gridlike, kennysheep_rathole
Lair:2:   layout_chaotic_city, dummy_spider_entry,
          nicolae_quartered_pool_little, chequers_serial_rivers_micro_b
Lair:3:   layout_cave_pods, chequers_serial_rivers_room_a, grunt_megastairs_3,
          infiniplex_staircase_pool, minmay_lair_oklob_chamber, uniq_gastronok
Lair:4:   layout_gridlike, minmay_shoals_entry_hut
Lair:5:   nzn_winding_woodlands_three_and_one
          [nzn_winding_woodlands_5x15_zeroes,
          nzn_winding_woodlands_5x15_concentric, nzn_winding_woodlands_5x15_eye,
          nzn_winding_woodlands_center_garden], layout_regular_city,
          chequers_serial_rivers_micro_d, infiniplex_staircase_pool_2
Lair:6:   minmay_lair_end_enchanted_forest, layout_gridlike, slime_altar_1,
          st_stairs_6, serial_bayou_pond_b
Shoals:1: layout_shoals
Shoals:2: layout_shoals, centaur_isle
Shoals:3: layout_shoals, ldierk_geyser, nicolae_shoals_c_island
Shoals:4: shoals_end_grunt_ice, layout_shoals, nzn_prometheus_bound
Spider:1: layout_chambers, uniq_nikola, uniq_aizul, uniq_jorgrun
Orc:1:    layout_caves, basic_altar, portal_ice_cave_entry_ice_beasts,
          trog_butcher_becter
Orc:2:    st_orc_ogre_mass, layout_caves, uniq_nessos, uniq_snorg

Skill      XL: |  1  2  3  4  5  6  7  8  9 10 11 12 13 14 15 16 17 18 |
---------------+-------------------------------------------------------+-----
Dodging        | 2 3 4 5 7 8 9 10 11 12 13 14 15 | 15.3
Maces & Flails | 4 5 7 8 10 11 12 13 14 15 16 17 | 17.8
Armour         | 3 4 5 6 7 8 9 10 11 12 13 14 | 14.3
Fighting       | 4 5 7 8 9 10 11 12 13 14 | 14.5
Stealth        | 2 |  2.6
Evocations     | 1 |  1.7

Action                   |  1- 3 |  4- 6 |  7- 9 | 10-12 | 13-15 | 16-18 || total
-------------------------+-------+-------+-------+-------+-------+-------++-------
Melee: Mace              |    84 |   147 |       |       |       |       ||   231
       Flail             |       |    21 |   422 |   186 |       |       ||   629
       Eveningstar       |       |       |       |   411 |       |       ||   411
       Demon whip        |       |       |       |    44 |  1100 |   673 ||  1817
       Great mace        |       |       |       |       |       |  1056 ||  1056
Invok: Berserk           |       |     5 |     6 |    10 |     5 |     7 ||    33
       Trog's Hand       |       |       |       |     2 |     1 |     2 ||     5
 Abil: Fly               |       |       |       |       |     1 |       ||     1
  Use: Scroll            |       |     6 |       |       |    26 |    15 ||    47
       Potion            |       |       |       |     1 |     1 |     3 ||     5
 Stab: Sleeping          |       |     1 |       |       |       |       ||     1
       Invisible         |       |       |       |     5 |    63 |   139 ||   207
Armor: Animal skin       |    35 |    61 |       |       |       |       ||    96
       Scale mail        |       |     8 |    83 |       |       |   278 ||   369
       Ring mail         |       |       |   128 |   115 |       |       ||   243
       Troll leather arm |       |       |       |   180 |   263 |   297 ||   740
Dodge: Dodged            |    62 |   125 |   358 |   677 |  1027 |  3106 ||  5355
